Frizzbo, neutral female gnomish Wizard ------------- --------------- |...........| -------- |.............| ##............| ##|......| |.............| # |...........| # |......| ##..............| # ### |...........|####......>| # |.............| ### |............# -.------ ### ---------)----- ### --------.----# #### # # # # # # ### #*# ### # # ### # ### # ### - ----q- f # ## # * # # # |.......|a --+--.-# # ### # ### |.......G# |<....|# # # # # |.....{.| |.....-# -.---.----# -----------|-- |.@..... |.....| |........|# |........)...| -------- ------- |........|# |*.(%..%"....| |.........# |%....[...![.| ---------- -------------- Frizzbo the Conjurer Experience level: 5 Strength: 10 Dexterity: 11 Constitution: 14 Intelligence: 17 Wisdom: 10 Charisma: 15 Health: 0(26) Energy: 6(32) Def: 5 Gold: 167 Moves: 2742 Dungeon seed: 3UBDmgLX1-NE15RS Game ID: Frizzbo_1466613223 Your Inventory: Coins $ - 167 gold pieces Amulets F - an uncursed amulet versus poison T - an uncursed amulet of ESP Weapons K - an uncursed +0 elven dagger (weapon in hand) Armor e - an uncursed +0 cloak of magic resistance (being worn) r - an uncursed +0 studded leather armor (being worn) y - an uncursed +0 pair of elven boots (being worn) Comestibles t - an uncursed carrot L - an uncursed cream pie Scrolls i - an uncursed scroll of enchant weapon Spellbooks k - a blessed spellbook of force bolt l - an uncursed spellbook of jumping n - a blessed spellbook of clairvoyance Potions f - a blessed potion of object detection g - 3 uncursed potions of water p - an uncursed potion of oil Rings c - an uncursed +1 ring of adornment d - an uncursed ring of sustain ability Wands o - an uncursed wand of striking (0:3) R - an uncursed wand of fire (0:6) S - an uncursed wand of slow monster (0:4) Gems q - 2 uncursed worthless pieces of green glass z - 2 uncursed worthless pieces of red glass N - an uncursed worthless piece of white glass Y - an uncursed jet stone Spells and supernatural/magical abilities: Name Level Category Fail Memory a - force bolt 1 attack 0% 87% j - jumping 1 escape 0% 87% v - clairvoyance 3 divination 93% 94% W - pray for help -- divine ? -- Your skills at the end: Fighting Skills Weapon Skills dagger [Basic] quarterstaff [Basic] Spellcasting Skills attack spells [Basic] enchantment spells [Basic] Final Attributes: You were piously aligned. You were magic-protected. You were telepathic. You had infravision. You were stealthy. You are dead. Vanquished creatures: a small mimic a water nymph a rock piercer 3 giant ants a floating eye a kitten a kobold lord an orc zombie 2 gas spores a hobbit a large kobold a giant rat 2 yellow molds 2 green molds 3 garter snakes 3 geckos 7 jackals 2 kobolds 3 goblins 4 grid bugs 3 lichens a kobold zombie 4 newts 49 creatures vanquished. Voluntary challenges: You used a wielded weapon 52 times, starting on turn 316. You read items or engraved 16 times, starting on turn 99. You never genocided any monsters. You never polymorphed an object. You never changed form. You used no wishes. You never split a pudding. You wrote Elbereth's name 2 times, starting on turn 2700. You never violated your personal moral code. Dungeon overview: The Dungeons of Doom: levels 1 to 4 Level 1 a sink a long staircase Level 2 a general store Level 3 an altar to Anhur, some fountains a long staircase Level 4 <- You were here a general store, a fountain History has recorded: On T:1 you entered the Dungeons of Doom to retrieve the Amulet of Yendor! On T:648 you reached level 2 of The Dungeons of Doom. On T:795 you advanced to experience level 2. On T:1164 you advanced to experience level 3. On T:1229 you reached level 3 of The Dungeons of Doom. On T:1390 you advanced to experience level 4. On T:1983 you reached level 4 of The Dungeons of Doom. On T:2597 you advanced to experience level 5. Score breakdown: Gold: 167 ( 7569 points) Experience: 5 levels (11141 points) Exploration: 4 levels ( 8.51%) ( 7661 points) Discoveries: 12 items ( 4.15%) ( 6113 points) Valuables value: (no points given unless you survive) Artifact value: 0 ( 0 points) Variety of kills: 23 monsters ( 6.04%) ( 7370 points) Turncount: 2742 turns ( -467 points) Survival: died (score multiplied by 80%) Total score: 31509 Latest messages: The spell hits the giant ant! You kill the giant ant! You see here 2 giant ant corpses. You miss the gecko. The gecko bites! You miss the gecko. You hit the gecko. The gecko misses. You miss the gecko. You kill the gecko! You see here a gecko corpse. The kitten eats a giant ant corpse. Blecch! Rotten food! You feel rather light headed. The kitten eats a giant ant corpse. You finish eating the gecko corpse. You feel less confused now. You stop exploring. You hit the lichen. You kill the lichen! You hear some noises. The giant ant bites! (3x) You die... Final status: Goodbye Frizzbo the Wizard, killed by a giant ant... You died in The Dungeons of Doom on dungeon level 4 with 31509 points, and 167 pieces of gold, after 2742 moves. You were level 5 with a maximum of 26 hit points when you died.